 Dungeon Crawl Stone Soup version 0.31.0-11-ge490571c62 (webtiles) character file.

Game seed: 4854319038198832229

7 Arcadio the Sneak (level 2, -2/24 HPs)
             Began as a Human Delver on Jan 29, 2024.
             Slain by a hound (4 damage)
             ... on level 4 of the Dungeon.
             The game lasted 00:00:44 (416 turns).

Arcadio the Sneak (Human Delver)                     Turns: 416, Time: 00:00:45

Health: -2/24      AC:  3    Str: 12    XL:     2   Next: 4%
Magic:  2/2        EV: 27    Int: 10    God:
Gold:   6          SH:  0    Dex: 14    Spells: 1/1 levels left

rFire   . . .        a - +0 falchion
rCold   . . .        (no shield)
rNeg    . . .        b - +0 leather armour
rPois   .            (no helmet)
rElec   .            (no cloak)
rCorr   .            (no gloves)
SInv    .            (no boots)
Will    .....        i - amulet of the acrobat
Stlth   +++          (no ring)
HPRegen 0.24/turn    (no ring)
MPRegen 0.08/turn

%: acrobat
@: acrobatic
A: explore regen
a: no special abilities


You were on level 4 of the Dungeon.
You visited 1 branch of the dungeon, and saw 2 of its levels.

You collected 6 gold pieces.

Inventory:

Hand Weapons
 a - a +0 falchion (weapon)
Armour
 b - a +0 leather armour (worn)
Jewellery
 i - an amulet of the acrobat (around neck)
Wands
 g - a wand of digging (3)
Scrolls
 c - a scroll of fog
 d - a scroll of revelation
 e - a scroll of fear
 h - a scroll of teleportation {unknown}
Potions
 f - a potion of haste


   Skills:
 + Level 3.1 Fighting
 + Level 2.1 Long Blades
 + Level 2.1 Dodging
 + Level 5.1 Stealth


You had one spell level left.
You didn't know any spells.
Your spell library was empty.

Dungeon Overview and Level Annotations

Branches:
Dungeon (5/15)
 Temple: D:4-7

Altars:


Innate Abilities, Weirdness & Mutations

You regain HP and MP as you explore.


Message History

The hound bites you but does no damage.
You closely miss the hound. The hound bites you. The hound closely misses you.
A kobold comes into view. It is wielding a +0 short sword.
The kobold shouts!
You hit the hound but do no damage. The hound barely misses you.
The hound closely misses you.
You hit the hound.
The hound is lightly wounded.
The hound bites you. The hound barely misses you.
You closely miss the hound.
The hound is lightly wounded.
The hound bites you but does no damage.
An ogre comes into view. It is wielding a +0 giant spiked club.
The kobold throws a stone.
The stone closely misses you. The hound bites you.
The kobold throws a stone.
The stone completely misses you. The hound barely misses you.
The hound attacks as it pursues you! The hound misses you.
The hound barely misses you. The hound attacks as it pursues you!
The hound misses you. The hound attacks as it pursues you!
The hound completely misses you. The hound bites you.
The hound attacks as it pursues you! The hound completely misses you.
The hound completely misses you.
You barely miss the hound.
The hound is lightly wounded.
The hound closely misses you. The hound bites you.
You hit the hound.
The hound is lightly wounded.
The hound bites you. x2
* * * LOW HITPOINT WARNING * * *
You slash the hound!
The hound is heavily wounded.
The hound barely misses you. The hound bites you.
* * * LOW HITPOINT WARNING * * *
You hit the hound but do no damage.
The hound is heavily wounded.
The hound bites you.
* * * LOW HITPOINT WARNING * * *
The hound attacks as it pursues you! The hound bites you.
You die...

# ................##.. ##
.................... .##
#................... ..## ###
###...##............ #..## #.##
#####............. ##..##
##..## ##...#.........
##†.###....## ###K.##..........
##.†#..)...####h.####..........
##.........#.@### ###........
##.........### ##.......
#.........# ###.....
#.........# ###### ##........#
##.......# #....##### #.#### ..


You could see a hound and a kobold.

Vanquished Creatures
  An orc (D:4)
  3 jackals (D:4)
  A quokka (D:5)
5 creatures vanquished.

Notes
Turn   | Place    | Note
-------+----------+-------------------------------------------
     0 | D:5      | Arcadio the Human Delver began the quest for the Orb.
     0 | D:5      | Reached XP level 1. HP: 18/18 MP: 1/1
   107 | D:5      | Noticed a water moccasin
   225 | D:4      | Reached XP level 2. HP: 15/24 MP: 2/2
   403 | D:4      | Noticed an ogre
   416 | D:4      | Slain by a hound

Illustrated notes

Levels and vault maps discovered:
D:4:      layout_cave_pods, gammafunk_ghost_grave
D:5:      layout_basic, temple_green

Action                     || total
---------------------------++-------
  Melee: Falchion          ||    30
   Stab: Sleeping          ||     1
 Armour: Leather armour    ||    28
  Dodge: Dodged            ||    41
